 Dungeon Crawl Stone Soup version 0.13-a0-2537-g1f6edf4 (webtiles) character file.

1008767 Psiweapon the Minotaur Barricade (level 27, 0/227 (233) HPs)
             Began as a Minotaur Fighter on July 21, 2013.
             Was the Champion of the Shining One.
             Impaled on a Hell Sentinel's spines (10 damage)
             ... on Level 7 of the Iron City of Dis on July 27, 2013.
             The game lasted 23:24:26 (126015 turns).

Psiweapon the Minotaur Barricade (MiFi)           Turns: 126015, Time: 23:24:26

HP   0/227 (233) AC 42     Str 26 (33) XL: 27
MP  44/49        EV  6     Int  7 (12) God: the Shining One [******]
Gold 13448       SH 58     Dex 17      Spells: 13 memorised, 30 levels left

Res.Fire  : + + .   See Invis. : .   c - +6,+5 double sword (holy)
Res.Cold  : + + +   Warding    : .   b - +5 gold dragon armour
Life Prot.: + + +   Conserve   : +   F - +3 large shield "Qookkick" {rElec MR++ Str
Res.Poison: +       Res.Corr.  : .   (helmet restricted)
Res.Elec. : +       Clarity    : .   Y - +2 cloak "Temp" {+Blink rPois rC+ Dam-1}
Sust.Abil.: . .     Spirit.Shd : .   g - +0 pair of gloves of Courage {rN+}
Res.Mut.  : .       Stasis     : .   u - +1 pair of boots {Fly}
Res.Rott. : .       Flight     : +   a - amulet of Vehumet's Condemnation {Cons rPo Saprovore : . . . A - ring "Ghoa" {+Blink +Fly rElec rF+ MP+9 In N - ring of regeneration

@: flying, glowing, extraordinarily resistant to hostile enchantments, extremely
unstealthy
A: retaliatory headbutt, horns 2, berserk 1, blink 2, blurry vision 1, cold
resistance 2, herbivore 1, -10% hp, AC +2, Str +1, Int -1
a: Blink, Divine Shield, Cleansing Flame, Summon Divine Warrior, Renounce
Religion, Evoke Blink, Stop Flying
}: 6/15 runes: decaying, silver, obsidian, icy, abyssal, gossamer


You were on level 7 of the Iron City of Dis.
You worshipped the Shining One. the Shining One was exalted by your worship.
You were not hungry.

You visited 16 branches of the dungeon, and saw 92 of its levels.
You visited the Abyss 5 times.
You also visited: Labyrinth, Trove, Ice Cave and Wizlab.

You collected 15545 gold pieces.
You spent 2117 gold pieces at shops.

Inventory:

Hand weapons
 c - a +6,+5 double sword of holy wrath (weapon)
 r - the +6,+6 Lehudib's crystal spear (quivered) {return, Int+3}
   (You found it on level 3 of the Elven Halls)

   A skilled user can throw it in such a way that it will return to its owner.
   It affects your intelligence (+3).
 x - a +2,+4 scimitar of flaming
 B - a +5,+5 broad axe of electrocution
 Q - a +3,+3 broad axe of freezing
 U - a +2,+1 executioner's axe of chopping
Armour
 b - a +5 gold dragon armour (worn)
 e - a -2 pair of boots of running
 g - the +0 pair of gloves of Courage (worn) {rN+}
   (Okawaru gifted it to you on level 2 of the Orcish Mines)

   It protects you from negative energy.
 u - a +1 pair of boots of flying (worn)
 F - the +3 large shield "Qookkick" (worn) {rElec MR++ Str+4 Int+3}
   (Okawaru gifted it to you on level 1 of the Elven Halls)

   It affects your strength (+4).
   It affects your intelligence (+3).
   It insulates you from electricity.
   It affects your resistance to hostile enchantments.
 Y - the +2 cloak "Temp" (worn) {+Blink rPois rC+ Dam-1}
   (You found it on level 4 of the Spider Nest)

   It affects your damage-dealing abilities (-1).
   It protects you from cold.
   It protects you from poison.
   It lets you blink.
Magical devices
 o - a wand of cold (1)
 v - a wand of enslavement (16)
 R - a wand of disintegration (6)
Comestibles
 t - 8 meat rations
 w - 9 bread rations
Scrolls
 W - a scroll of holy word
Jewellery
 a - the amulet of Vehumet's Condemnation (around neck) {Cons rPois Dex+3 Int+2}
   (You found it in a treasure trove)

   [amulet of conservation]

   It affects your intelligence (+2).
   It affects your dexterity (+3).
   It protects you from poison.
 d - an uncursed ring of protection from magic
 f - the ring "Yntoala" {rF+ rN+}
   (You found it in a treasure trove)

   [ring of positive energy]

   It protects you from fire.
 i - the ring of Taimuh {Wiz Int+2 Acc+3}
   (You found it on level 5 of the Vaults)

   [ring of wizardry]

   It affects your intelligence (+2).
   It affects your accuracy (+3).
 k - an uncursed amulet of clarity
 l - an uncursed ring of teleportation
 n - an uncursed amulet of resist mutation
 y - an uncursed amulet of stasis
 A - the ring "Ghoa" (right hand) {+Blink +Fly rElec rF+ MP+9 Int+1}
   (You found it on level 23 of the Dungeon)

   [ring of magical power]

   It affects your intelligence (+1).
   It protects you from fire.
   It insulates you from electricity.
   It lets you fly.
   It lets you blink.
 H - an uncursed ring of see invisible
 I - an uncursed ring of sustenance
 L - an uncursed amulet of resist corrosion
 N - a ring of regeneration (left hand)
 T - an uncursed ring of sustain abilities
Potions
 j - a potion of brilliance
 m - 15 potions of curing
 K - 3 potions of restore abilities
 S - a potion of might
 X - a potion of resistance
Books
 E - a book of Conjurations

   Spells                             Type                      Level
   *Magic Dart                        Conjuration                  1
   Searing Ray                        Conjuration                  2
   Dazzling Spray                     Conjuration/Hexes            3
   Iskenderun's Mystic Blast          Conjuration                  4
   Iskenderun's Battlesphere          Conjuration/Charms           4
   Fulminant Prism                    Conjuration/Hexes            5
Miscellaneous
 p - a fan of gales
 q - a phial of floods
 s - a plain deck of war {the Portal}
 z - an ornate deck of defence {the Elixir, drawn: 2}
 G - a phial of floods
 J - an ornate deck of defence {Flight}
 M - a plain deck of war
 O - a plain deck of changes {the Blade}
 V - a disc of storms
 Z - a phial of floods
Rods
 h - a +7 rod of inaccuracy (16/16)
   (You found it in a labyrinth)
 D - a +2 rod of frigid destruction (11/11)
   (You acquired it on level 2 of the Vaults)
 P - a +3 rod of warding (17/17)
   (You found it on level 3 of the Elven Halls)


   Skills:
 + Level 22.5 Fighting
 O Level 27 Long Blades
 - Level 26.0 Axes
 - Level 21.0 Maces & Flails
 - Level 17.0 Polearms
 - Level 11.8 Throwing
 - Level 25.5 Armour
 - Level 3.0 Stealth
 O Level 27 Shields
 - Level 13.8 Spellcasting
 - Level 10.1 Summonings
 - Level 12.7 Invocations
 - Level 18.0 Evocations


You had 30 spell levels left.
You knew the following spells:

 Your Spells              Type           Power        Failure   Level  Hunger
a - Swiftness             Chrm/Air       #.........   100%        2    None
b - Repel Missiles        Chrm/Air       #.........   100%        2    None
c - Beastly Appendage     Trmt           #.....       100%        1    None
d - Stoneskin             Trmt/Erth      #.........   100%        2    None
e - Cure Poison           Pois           #.........   100%        2    None
f - Apportation           Tloc           #.........   100%        1    None
g - Ensorcelled Hibernat  Hex/Ice        #.....       100%        2    None
h - Corona                Hex            #......      100%        1    None
i - Magic Dart            Conj           #...         100%        1    None
j - Blink                 Tloc           N/A          100%        2    None
k - Summon Butterflies    Summ           ###.....     3%          1    None
l - Summon Elemental      Summ           ###.......   38%         4    ####...
m - Shroud of Golubria    Chrm/Tloc      #.........   100%        2    None


Dungeon Overview and Level Annotations

Branches:
Dungeon (27/27)            Temple (1/1) D:5             Orc (4/4) D:6
    Elf (3/3) Orc:4          Lair (8/8) D:10          Swamp (5/5) Lair:5
 Spider (5/5) Lair:4        Slime (0/6) Lair:8       Vaults (5/5) D:19
  Blade (1/1) Vaults:3      Crypt (5/5) Vaults:3       Tomb (1/3) Crypt:3
    Dis (7/7) Hell            Geh (7/7) Hell            Coc (7/7) Hell
    Zot (5/5) D:27
    Tar: Hell:1

Altars:
Ashenzari
Cheibriados
Elyvilon
Fedhas
Kikubaaqudgha
Nemelex Xobeh
Okawaru
Sif Muna
Vehumet
Xom
Yredelemnul
the Shining One
Beogh

Shops:
D:5: = D:8: +? D:13: // D:18: ? D:21: +[[( Orc:1: * Orc:4: *+(+[ Vaults:1: =

Portals:
Hell: D:21 D:22 D:23 D:24 D:25 D:26 D:27
Abyss: D:25 D:26
Pandemonium: D:23 D:24 D:27

Annotations
D:2 exclusion: door
D:14 2 exclusions
D:16 1 exclusion
D:17 1 exclusion
D:18 1 exclusion
D:19 1 exclusion
D:20 1 exclusion
D:22 1 exclusion
D:23 1 exclusion
D:26 1 exclusion
Elf:1 1 exclusion
Elf:2 1 exclusion
Elf:3 2 exclusions
Lair:4 1 exclusion
Lair:6 1 exclusion
Swamp:4 1 exclusion
Spider:1 1 exclusion
Spider:2 4 exclusions
Spider:3 3 exclusions
Spider:4 3 exclusions
Spider:5 4 exclusions
Vaults:4 1 exclusion
Zot:4 exclusion: 3 downstairs


Innate Abilities, Weirdness & Mutations

You reflexively headbutt those who attack you in melee.
You have a pair of horns on your head.
You are partially covered in slimy green scales (AC +2).
You are agile (Dex +1).
You tend to lose your temper in combat.
You are good at translocating small distances at will.
Your vision is a little blurry.
Your flesh is very cold resistant.
You are dopey (Int -1).
You digest meat inefficiently.
You are frail (-10% HP).
Your muscles are strong, but stiff (Str +1, Dex -1).


Message History

The blast of hellfire engulfs the Hell Sentinel.
The Hell Sentinel completely resists.
The blast of hellfire engulfs the Hell Sentinel.
The Hell Sentinel completely resists.
Drink which item? (? for menu, Esc to quit)
You feel much better. You block the Hell Sentinel's attack.
The Hell Sentinel hits you!
* * * LOW HITPOINT WARNING * * *
The Hell Sentinel hits you but does no damage.
You block the Hell Sentinel's attack.
A Hell Sentinel and a Brimstone Fiend come into view.
The Hell Sentinel gestures at you.
The hellfire explodes!
The blast of hellfire engulfs the Hell Sentinel.
The Hell Sentinel completely resists.
The blast of hellfire engulfs the Hell Sentinel.
The Hell Sentinel completely resists.
The blast of hellfire engulfs you!
* * * LOW HITPOINT WARNING * * *
You are struck by the Hell Sentinel's spines.
You die...

#.8# #..# #..#
#..# #..# #..#
#.8# #..# #@.#
#1.#
..1...'1.|#
.....'1..#
#....##..#
##''# #1.#
###########''#
#..#
..............
...#
.8.....8......
..8#


You could see 3 Hell Sentinels and a Brimstone Fiend.

Vanquished Creatures
  Asmodeus (Geh:7)
  An orb of fire (Zot:4)
  Khufu (Crypt:2)
  6 ancient liches
  the Serpent of Hell (Coc:7)
  A greater mummy (Crypt:5)
  Saint Roka (Elf:2)
  Boris (D:20)
  the Lernaean hydra (Swamp:5)
  2 Killer Klowns
  Mara (Spider:5)
  Mennas (Crypt:1)
  Geryon (Hell)
  A curse toe (Zot:5)
  7 golden dragons
  Jory (D:20)
  14 bone dragons
  2 profane servitors (Crypt:5)
  Xtahua (D:20)
  An illusory Mara (Spider:5)
  Frederick (D:20)
  Nikola (Spider:1)
  11 Brimstone Fiends
  2 electric golems (Zot:1)
  4 Hell Sentinels
  10 liches
  2 hellephants
  12 Orb Guardians (Zot:5)
  18 tentacled monstrosities
  17 Ice Fiends
  The ghost of 4tharraofdagon the Shatterer, a mighty GrBe of Trog (Coc:7)
  6 quicksilver dragons
  Murray (Hell)
  A deep elf blademaster (Elf:3)
  7 titans
  3 deep elf master archers
  A Shadow Fiend (Dis:7)
  15 storm dragons
  9 sphinxes
  An eldritch tentacle (Dis:7)
  7 shadow dragons
  5 Executioners
  Agnes (Swamp:1)
  Frances (Elf:2)
  A daeva (Abyss:3)
  13 ancient champions
  4 revenants
  2 draconian monks
  7 tengu reavers
  13 fire giants
  4 ghost moths
  18 ghouls
  Donald (Crypt:3)
  Wiglaf (Elf:3)
  Maud (Swamp:1)
  3 orc warlords
  2 draconian scorchers
  9 deep elf sorcerers
  4 draconian knights
  3 iron dragons
  Aizul (D:14)
  17 frost giants
  37 tentacled starspawn
  2 curse skulls (Crypt:5)
  Gastronok (D:13)
  12 vault wardens
  6 draconian zealots
  7 emperor scorpions
  5 cacodemons
  Jorgrun (D:19)
  8 balrugs
  71 stone giants
  35 reapers
  5 grey draconians
  15 eidola
  2 deep elf demonologists (Elf:3)
  5 draconian callers
  11 green draconians
  10 vampire knights
  26 purple draconians
  6 lorocyprocas
  6 black draconians
  9 deep elf annihilators
  4 red draconians
  7 yellow draconians
  9 blizzard demons
  2 green deaths
  6 pale draconians
  4 mottled draconians
  5 dire elephants (Lair:8)
  6 white draconians
  2 unborn deep dwarves (Crypt:5)
  5 deep elf death magi
  Snorg (Elf:2)
  A mummy priest (Crypt:3)
  A quicksilver dragon zombie (Dis:7)
  12 ettins
  40 vault guards
  A draconian (shapeshifter) (Vaults:3)
  A minotaur (Lab)
  10 death cobs
  16 dragons
  11 jiangshi
  28 ice dragons
  3 deep elf high priests
  A quicksilver dragon skeleton (Crypt:3)
  Fannar (D:10)
  28 hydras
  7 great orbs of eyes
  Josephine (D:10)
  55 yaktaur captains
  8 ironheart preservers
  An anaconda (Lair:8)
  Erica (D:10)
  14 deep troll shamans
  6 ogre magi
  2 spectral stone giants
  7 alligators
  15 deep troll earth magi
  6 ravenous feature mimics
  4 death yaks (IceCv)
  7 vampire magi
  8 rakshasas
  7 deep dwarf death knights
  An anaconda (shapeshifter) (Vaults:5)
  24 thrashing horrors
  2 orc high priests
  26 wretched stars
  9 naga warriors
  18 very ugly things
  12 plague shamblers
  A titan zombie (D:27)
  Urug (D:10)
  18 sun demons
  20 centaur warriors
  24 dancing weapons
  22 hell hogs
  30 hell knights
  Nergalle (D:13)
  A storm dragon zombie (Crypt:4)
  3 fire crabs
  14 iron trolls
  20 soul eaters
  A catoblepas (shapeshifter) (D:25)
  6 spatial maelstroms (Abyss:1)
  90 skeletal warriors
  29 ice devils
  A death drake (shapeshifter) (D:25)
  13 deep elf knights
  8 unseen horrors
  16 flayed ghosts
  5 storm dragon skeletons
  33 deep trolls
  6 shadow wraiths
  A shadow demon (Dis:6)
  An anaconda zombie (Crypt:5)
  A sea snake (shapeshifter) (Elf:3)
  3 giant orange brains
  19 swamp dragons
  7 death drakes
  A spectral anaconda (Crypt:5)
  3 wizards
  5 giant amoebae
  A kraken simulacrum (Coc:1)
  A giant orange brain (shapeshifter) (Vaults:5)
  9 ironbrand convokers
  A swamp dragon (shapeshifter) (Vaults:5)
  4 shadow dragon zombies
  8 ice statues
  The ghost of 4tharraofdagon the Basher, an experienced GrBe of Trog (Lair:3)
  90 large abominations
  14 flaming corpses
  2 hill giants (shapeshifter)
  Pikel (D:8)
  9 deep elf conjurers
  A crystal golem (Abyss:3)
  29 iron dragon zombies
  A dryad (shapeshifter) (Elf:3)
  A sphinx zombie (Crypt:5)
  5 harpies (D:19)
  Joseph (D:10)
  7 statues (WizLab)
  42 orc knights
  52 wolf spiders
  A harpy (shapeshifter) (D:16)
  3 shadow dragon skeletons
  8 orc sorcerers
  10 hill giants
  19 necromancers
  A wolf spider (shapeshifter) (D:27)
  A griffon (shapeshifter) (Vaults:1)
  A lindwurm (shapeshifter) (D:25)
  2 wolf spider zombies
  14 red wasps
  5 griffons
  34 phantasmal warriors
  16 stone giant zombies
  3 fire giant zombies
  3 frost giant zombies
  23 cyclopes
  19 hellions
  6 spiny worms
  14 sixfirhies
  24 stone giant skeletons
  7 fire giant skeletons
  3 stone golems
  23 moths of wrath
  4 apocalypse crabs
  16 vault sentinels
  3 iron dragon skeletons
  A guardian serpent (Abyss:1)
  2 dire elephant zombies
  A satyr zombie (Crypt:4)
  3 black mambas
  6 frost giant skeletons
  A titan simulacrum (D:27)
  23 tormentors
  An item mimic (D:17)
  A mottled draconian zombie (Abyss:1)
  A guardian serpent (shapeshifter) (D:25)
  A spectral human (Crypt:2)
  2 dire elephant skeletons
  5 deep elf summoners
  56 orange demons
  A moth of suppression (Spider:4)
  A queen ant (Lair:2)
  26 spiny frogs
  5 ancient bear zombies
  2 black draconian zombies
  A satyr skeleton (Crypt:1)
  12 efreet
  2 yaktaurs (shapeshifter)
  5 elephants
  A purple draconian zombie (Zot:2)
  A white draconian zombie (Zot:2)
  A feature mimic (D:11)
  2 fire drakes (shapeshifter)
  2 iron troll zombies
  16 guardian mummies
  2 ancient bear skeletons
  A green draconian zombie (Zot:5)
  59 smoke demons
  24 red devils
  22 trolls
  6 fire drakes
  A white draconian skeleton (Abyss:1)
  108 yaktaurs
  A death yak skeleton (Crypt:4)
  A deep dwarf necromancer (Crypt:2)
  A mottled draconian skeleton (Abyss:1)
  A pale draconian skeleton (Crypt:2)
  3 redback zombies
  A harpy zombie (Crypt:5)
  32 iron devils
  63 hellwings
  2 black draconian skeletons
  A green draconian skeleton (Abyss:1)
  4 grey draconian skeletons
  3 red draconian skeletons
  15 two-headed ogres
  A wandering mushroom (D:16)
  27 ancient zymes
  15 demonic crawlers
  21 jumping spiders
  15 deep elf priests
  7 death drake zombies
  A yellow draconian skeleton (Abyss:1)
  7 komodo dragons
  A hydra zombie (D:12)
  8 iron troll skeletons
  2 minotaur zombies
  A siren zombie (Crypt:3)
  A baby alligator (shapeshifter) (D:15)
  34 blue devils
  A silent spectre (Crypt:3)
  A spriggan (shapeshifter) (D:21)
  5 giant leeches
  12 polar bears (IceCv)
  4 wind drakes
  6 death drake skeletons
  45 slime creatures
  A griffon zombie (Crypt:3)
  A spectral swamp dragon (Crypt:3)
  3 ettin zombies
  38 ice dragon zombies
  15 orb spiders
  4 baby alligators (Swamp:4)
  4 bog bodies
  3 minotaur skeletons
  A moth of wrath zombie (Zot:1)
  3 red wasp zombies
  13 boulder beetles
  2 giant amoeba zombies
  A frost giant simulacrum (Crypt:1)
  22 blink frogs
  A jumping spider zombie (Crypt:1)
  3 basilisks
  2 ettin skeletons
  2 guardian serpent zombies (Abyss:1)
  2 stone giant simulacra
  14 water elementals
  An octopode (shapeshifter) (Vaults:1)
  42 ice dragon skeletons
  A spiny worm zombie (Vaults:2)
  3 guardian serpent skeletons
  21 trapdoor spiders
  20 shadows
  2 brown oozes (Lair:8)
  9 metal gargoyles
  94 flying skulls
  An air elemental (Abyss:1)
  A dire elephant simulacrum (Crypt:2)
  45 ynoxinuls
  An elephant slug (D:10)
  40 wraiths
  2 golden eyes (Abyss:2)
  3 chaos spawn
  38 deep elf fighters
  A hill giant zombie (D:12)
  30 redbacks
  A dragon skeleton (D:16)
  18 vampires
  2 giant firefly zombies
  120 ugly things
  Eustachio (Orc:1)
  27 tarantellas
  2 clay golems
  A merfolk (shapeshifter) (D:18)
  7 hippogriffs
  34 deep elf magi
  3 sharks (D:12)
  25 wolves
  4 hell beasts
  4 wyverns
  90 yaks
  3 black draconian simulacra
  37 vampire mosquitoes
  6 molten gargoyles (Geh:7)
  14 hungry ghosts
  A steam dragon (shapeshifter) (D:23)
  44 neqoxecs
  7 spatial vortices (Abyss:1)
  2 rock worms
  Edmund (D:9)
  A minotaur simulacrum (Crypt:2)
  56 hell hounds
  3 manticores
  4 mottled dragons
  2 deep troll zombies
  15 swamp drakes
  22 necrophages
  7 raven skeletons (Crypt:5)
  65 orc warriors
  6 nagas (Abyss:1)
  8 phantoms
  8 porcupines
  61 swamp worms
  4 sky beasts
  7 soldier ants
  An ettin simulacrum (Crypt:2)
  2 dryad skeletons (Crypt:2)
  3 deep troll skeletons
  A baby alligator skeleton (Crypt:3)
  58 freezing wraiths
  87 small abominations
  122 starcursed masses
  6 giant goldfish
  2 black bears
  A snapping turtle skeleton (Crypt:3)
  20 ice beasts
  A slave (D:8)
  A spiny worm simulacrum (Crypt:1)
  37 ogres
  5 tengu (Abyss:1)
  2 boring beetles
  29 centaurs
  The ghost of Yermak the Shooter, an average SpWn (D:3)
  11 wargs
  4 lost souls
  4 yellow wasps
  14 crocodiles
  Sigmund (D:4)
  Duvessa (D:6)
  A komodo dragon zombie (Crypt:3)
  7 rotting devils
  A boring beetle (shapeshifter) (Vaults:5)
  20 lava worms
  21 water moccasins
  4 yaktaur zombies
  11 giant slugs
  A fire crab zombie (Crypt:5)
  A spectral boulder beetle (Crypt:2)
  8 brain worms
  A brain worm (shapeshifter) (Vaults:5)
  15 giant frogs
  A faun simulacrum (Crypt:2)
  15 big kobolds
  A giant slug zombie (D:18)
  12 agate snails
  A deep troll simulacrum (Vaults:4)
  A wyvern zombie (D:12)
  2 earth elementals (Abyss:1)
  A glowing shapeshifter simulacrum (D:27)
  2 yaktaur skeletons
  A dryad simulacrum (Crypt:2)
  A spectral rock worm (Crypt:2)
  An eye of draining (shapeshifter) (Vaults:4)
  4 giant goldfish zombies (Coc:7)
  A spectral boring beetle (Crypt:2)
  2 shark zombies (Coc:2)
  2 troll zombies
  13 insubstantial wisps
  3 boulder beetle zombies
  An eye of draining (Abyss:1)
  A hippogriff zombie (Crypt:3)
  19 jellyfish
  18 killer bees
  11 electric eels
  19 lava fish
  2 giant goldfish skeletons (Coc:7)
  A troll skeleton (D:7)
  73 wights
  3 yak skeletons
  8 fire bats
  A hippogriff skeleton (D:10)
  A killer bee (shapeshifter) (D:18)
  2 pulsating lumps (shapeshifter)
  A centaur zombie (D:10)
  2 boring beetle zombies
  Dowan (D:6)
  25 crimson imps
  A giant frog zombie (D:13)
  12 hounds
  10 quasits
  5 goliath beetles
  24 lava snakes
  37 spiders
  29 orc priests
  44 iron imps
  A yaktaur simulacrum (Crypt:2)
  15 big fish
  4 giant frog skeletons
  50 orc wizards
  A basilisk zombie (D:13)
  A soldier ant zombie (D:12)
  10 iguanas
  A two-headed ogre skeleton (D:14)
  A basilisk skeleton (Crypt:1)
  A shark simulacrum (Coc:2)
  6 spectral orcs
  20 orange rats
  4 scorpions
  An orange rat (shapeshifter) (Vaults:4)
  34 worker ants
  A demonspawn zombie (Crypt:4)
  A killer bee zombie (D:9)
  A big kobold zombie (D:12)
  22 sheep
  5 sky beast zombies
  Ijyb (D:5)
  2 giant goldfish simulacra (Coc:7)
  2 human skeletons (Crypt:1)
  An ogre skeleton (D:8)
  2 dwarf skeletons
  2 deep dwarf skeletons
  4 jellies
  9 mummies
  A crocodile skeleton (D:7)
  8 boggarts
  4 orange rat zombies (Hell)
  24 adders
  3 big fish zombies (Coc:7)
  7 gnolls
  A brain worm simulacrum (Abyss:2)
  57 green rats
  16 lemures
  A mottled dragon simulacrum (D:17)
  20 shadow imps
  An inept feature mimic (D:7)
  9 giant centipedes
  4 giant mites
  57 white imps
  17 worms
  A worm (shapeshifter) (Vaults:5)
  139 ufetubi
  3 draconian zombies
  A scorpion zombie (D:6)
  An adder skeleton (D:4)
  An iguana zombie (D:9)
  A giant eyeball (Vaults:4)
  An iguana simulacrum (D:10)
  6 giant geckos
  2 oozes
  244 orcs
  A bat zombie (D:6)
  2 giant cockroaches
  21 goblins
  23 hobgoblins
  37 kobolds
  10 quokkas
  2 ball pythons
  27 bats
  A giant newt (shapeshifter) (D:27)
  2 giant newts
  A giant newt zombie (Crypt:1)
  3 giant spores
  A gnoll skeleton (Crypt:3)
  2 goblin skeletons
  30 illusory rakshasas
  27 jackals
  A jackal zombie (Crypt:4)
  3 lurking horrors
  An orc zombie (D:5)
  A quokka zombie (D:8)
  26 rats
  A rat zombie (Crypt:2)
  11 ballistomycetes
  2 fungi
  7 plants
  25 starspawn tentacles
  2 starspawn tentacle segments
5944 creatures vanquished.

Vanquished Creatures (collateral kills)
  Antaeus (Coc:7)
  Margery (D:22)
  A Brimstone Fiend (Geh:7)
  Roxanne (Swamp:2)
  A ghoul (Crypt:2)
  A deep elf sorcerer (Elf:3)
  2 deep elf annihilators (Elf:3)
  2 centaur warriors (D:22)
  A shadow wraith (Crypt:2)
  An iron troll (Dis:7)
  2 deep elf knights (Elf:1)
  A spectral minotaur (Crypt:2)
  An orc knight (D:21)
  A necromancer (Crypt:1)
  2 iron dragon zombies (Dis:7)
  A satyr skeleton (Crypt:1)
  2 spiny frogs (Swamp:4)
  An iron devil (Dis:7)
  2 blue devils
  A two-headed ogre (D:21)
  2 baby alligators (Swamp:4)
  2 blink frogs
  An ice dragon zombie (Coc:7)
  A tarantella (Spider:1)
  2 vampire mosquitoes (Swamp:3)
  A ynoxinul (Crypt:5)
  A trapdoor spider (Spider:1)
  2 deep elf fighters (Elf:1)
  A chaos spawn (Crypt:5)
  3 swamp worms (Swamp:3)
  A neqoxec (Elf:3)
  2 human skeletons (Crypt:1)
  A small abomination (Abyss:1)
  A freezing wraith (Coc:7)
  3 giant goldfish
  3 ogres (D:21)
  A rotting devil (Elf:3)
  A human zombie (Crypt:1)
  A scorpion (Spider:1)
  3 mummies (Crypt:1)
  9 ufetubi (Crypt:5)
  2 orcs (Orc:3)
  2 kobolds (D:10)
72 creatures vanquished.

Vanquished Creatures (others)
  A bone dragon (Abyss:1)
  A quicksilver dragon (Dis:7)
  3 eldritch tentacles
  A tengu reaver (Vaults:5)
  A daeva (Dis:7)
  A tentacled starspawn (Abyss:1)
  3 angels
  A vampire knight (Dis:7)
  A deep elf high priest (Elf:3)
  A deep elf knight (Elf:3)
  A large abomination (Abyss:2)
  A necromancer (Crypt:1)
  A hell hog zombie (Geh:5)
  A cyclops (Coc:7)
  A sixfirhy (Abyss:2)
  5 fire elementals
  A yaktaur (Vaults:4)
  An ancient zyme (Abyss:3)
  A komodo dragon (Zot:5)
  A moth of wrath zombie (Zot:1)
  A flying skull (D:27)
  5 shadows
  An ice dragon skeleton (Geh:7)
  A chaos spawn (Spider:3)
  A tarantella (Spider:4)
  A vampire (Geh:6)
  2 wraiths
  A deep elf fighter (Elf:3)
  A human zombie (Geh:5)
  2 yellow wasps (Spider:5)
  2 slaves (D:8)
  An orc warrior (Abyss:1)
  2 small abominations (Abyss:3)
  12 lost souls
  A centaur (D:8)
  An ogre (Vaults:5)
  A glowing shapeshifter simulacrum (D:27)
  An eye of draining (Abyss:2)
  A wight (Geh:3)
  4 crimson imps
  2 jellyfish
  An iron imp (Abyss:1)
  2 orc wizards
  A brain worm simulacrum (Abyss:3)
  A lemure (Elf:1)
  2 white imps
  4 ufetubi
  5 orcs
  A quokka (D:5)
  A giant spore (Abyss:1)
  A kobold (D:5)
  6 lurking horrors
  274 eldritch tentacle segments
  A fungus (Lair:8)
  14 plants
  60 starspawn tentacles
  203 starspawn tentacle segments
  4 tentacles (Coc:1)
653 creatures vanquished.

Grand Total: 6669 creatures vanquished

Notes
Turn   | Place    | Note
--------------------------------------------------------------
     0 | D:1      | Psiweapon, the Minotaur Fighter, began the quest for the Orb.
     0 | D:1      | Reached XP level 1. HP: 19/19 MP: 0/0
    68 | D:1      | Reached XP level 2. HP: 23/26 MP: 0/0
   730 | D:1      | Reached XP level 3. HP: 29/33 MP: 1/1
   903 | D:2      | Found a blossoming altar of Fedhas.
   973 | D:2      | Reached skill level 4 in Polearms
  1231 | D:2      | Reached XP level 4. HP: 39/39 MP: 1/1
  1804 | D:2      | Found a sparkling altar of Nemelex Xobeh.
  2030 | D:2      | Reached skill level 5 in Polearms
  2165 | D:3      | Noticed Yermak's ghost (average SpWn)
  2178 | D:3      | Killed Yermak's ghost
  2178 | D:3      | Reached skill level 6 in Polearms
  2178 | D:3      | Reached XP level 5. HP: 40/46 MP: 1/1
  3136 | D:4      | Reached XP level 6. HP: 45/52 MP: 2/2
  3232 | D:4      | Reached skill level 5 in Shields
  3244 | D:4      | Reached skill level 5 in Armour
  3432 | D:4      | Noticed Sigmund
  3477 | D:5      | Entered Level 5 of the Dungeon
  3504 | D:5      | Found a white marble altar of Elyvilon.
  3891 | D:5      | Found a staircase to the Ecumenical Temple.
  3897 | Temple   | Entered the Ecumenical Temple
  3935 | Temple   | Became a worshipper of Warmaster Okawaru
  4078 | D:4      | Reached skill level 5 in Fighting
  4342 | D:5      | Reached XP level 7. HP: 37/60 MP: 2/2
  4598 | D:5      | Noticed Ijyb
  4610 | D:5      | Killed Ijyb
  4682 | D:5      | Found Amodojyg's Jewellery Shop.
  4689 | D:5      | Bought an uncursed amulet of inaccuracy for 20 gold pieces
  4689 | D:5      | Bought a cursed ring of hunger for 20 gold pieces
  5004 | D:6      | Found a staircase to the Orcish Mines.
  5079 | D:6      | Noticed Duvessa
  5080 | D:6      | Noticed Dowan
  5087 | D:6      | Killed Duvessa
  5087 | D:6      | Reached skill level 7 in Fighting
  5095 | D:6      | Killed Dowan
  5167 | D:6      | Acquired Okawaru's first power
  5186 | D:6      | Reached skill level 8 in Fighting
  5345 | D:6      | Found a sparkling altar of Nemelex Xobeh.
  5373 | D:6      | Reached XP level 8. HP: 57/71 MP: 2/2
  5425 | D:6      | Reached skill level 9 in Fighting
  5492 | D:8      | Found Maefan's Book Shoppe.
  5592 | D:6      | Reached skill level 10 in Fighting
  5798 | D:4      | Killed Sigmund
  5900 | D:4      | Noticed an ogre
  5905 | D:4      | Killed an ogre
  6805 | D:7      | Found a blossoming altar of Fedhas.
  7055 | D:7      | Reached XP level 9. HP: 70/80 MP: 3/3
  7457 | D:8      | Reached skill level 10 in Armour
  8271 | D:8      | Noticed Pikel
  8300 | D:8      | Killed Pikel
  8300 | D:8      | Reached skill level 11 in Armour
  8421 | D:8      | Reached skill level 1 in Maces & Flails
  8815 | D:8      | Reached skill level 1 in Spellcasting
  8980 | D:8      | Found Gru Nasi's Magic Scroll Boutique.
  8983 | D:8      | Bought a scroll of curse armour for 30 gold pieces
  8983 | D:8      | Bought 2 scrolls of immolation for 30 gold pieces
  8983 | D:8      | Bought a scroll of remove curse for 45 gold pieces
  8983 | D:8      | Bought a scroll of blinking for 82 gold pieces
  8983 | D:8      | Bought a scroll of fog for 30 gold pieces
  8983 | D:8      | Bought a scroll of curse jewellery for 30 gold pieces
  8983 | D:8      | Bought a scroll of identify for 30 gold pieces
  9048 | D:8      | Reached XP level 10. HP: 88/88 MP: 6/6
  9217 | D:9      | Reached skill level 5 in Maces & Flails
  9495 | D:9      | Paralysed by a potion of paralysis for 4 turns
  9736 | D:9      | Noticed Edmund
  9744 | D:9      | Killed Edmund
  9754 | D:9      | Reached skill level 5 in Invocations
  9754 | D:9      | Reached skill level 5 in Evocations
  9754 | D:9      | Reached XP level 11. HP: 77/94 MP: 4/12
  9977 | D:10     | Entered Level 10 of the Dungeon
  9977 | D:10     | Noticed Urug
 10003 | D:10     | Killed Urug
 10085 | D:10     | Noticed Fannar
 10104 | D:10     | Killed Fannar
 10248 | D:10     | Learned a level 1 spell: Sting
 10267 | D:10     | Noticed Josephine
 10280 | D:10     | Killed Josephine
 10525 | D:10     | Noticed Joseph
 10535 | D:10     | Killed Joseph
 10571 | D:10     | Gained mutation: You are partially covered in iridescent scales (AC +4). [mutagenic meat]
 10572 | D:10     | Gained mutation: Your muscles are flexible, but weak (Str -1, Dex +1). [mutagenic meat]
 10755 | D:10     | Noticed Erica
 10769 | D:10     | Killed Erica
 10769 | D:10     | Acquired Okawaru's second power
 10916 | D:10     | Found a staircase to the Lair.
 10941 | D:10     | Reached skill level 10 in Maces & Flails
 11425 | D:11     | Reached skill level 1 in Long Blades
 11597 | D:11     | Reached XP level 12. HP: 82/103 MP: 8/14
 12238 | D:11     | Reached skill level 5 in Long Blades
 13321 | D:12     | Reached skill level 10 in Shields
 13664 | D:12     | Noticed a dragon
 13692 | D:12     | Killed a dragon
 13692 | D:12     | Received a gift from Okawaru
 13712 | D:12     | Got a steaming scale mail {god gift}
 13713 | D:12     | Identified the +0 scale mail of Weirdness {rN+} (Okawaru gifted it to you on level 12 of the Dungeon)
 14434 | Lair:1   | Entered Level 1 of the Lair of Beasts
 14462 | Lair:1   | Found a labyrinth entrance.
 14472 | Lab      | Entered a labyrinth
 14782 | Lab      | Noticed a minotaur
 14854 | Lab      | Killed a minotaur
 14922 | Lab      | Identified a +5 rod of inaccuracy (13/13) (You found it in a labyrinth)
 14930 | Lab      | Lost mutation: Your muscles are flexible, but weak (Str -1, Dex +1). [potion of cure mutation]
 14930 | Lab      | Lost mutation: You are partially covered in iridescent scales (AC +4). [potion of cure mutation]
 14942 | Lab      | Identified a +4 rod of demonology (12/12) (You took it off a minotaur in a labyrinth)
 15220 | Lair:1   | Gained mutation: You can spit poison. [potion of mutation]
 15220 | Lair:1   | Gained mutation: You can translocate small distances at will. [potion of mutation]
 15220 | Lair:1   | Gained mutation: Your digestive system is specialised to digest meat. [potion of mutation]
 15450 | Lair:1   | Reached XP level 13. HP: 105/110 MP: 16/18
 16779 | Lair:2   | Upgraded the game from 0.13-a0-2485-g242ae62 to 0.13-a0-2496-g11650dd
 17373 | Lair:3   | Received a gift from Okawaru
 17464 | Lair:3   | Noticed 4tharraofdagon's ghost (experienced GrBe)
 17496 | Lair:3   | Killed 4tharraofdagon's ghost
 18123 | Lair:3   | Gained mutation: Your flesh is cold resistant. [potion of mutation]
 18123 | Lair:3   | Gained mutation: You are partially covered in iridescent scales (AC +4). [potion of mutation]
 18123 | Lair:3   | Gained mutation: Your muscles are strong, but stiff (Str +1, Dex -1). [potion of mutation]
 18476 | Lair:4   | Reached skill level 10 in Evocations
 18491 | Lair:4   | Reached skill level 12 in Shields
 19625 | Lair:4   | Reached skill level 13 in Shields
 19754 | Lair:4   | Found a hole to the Spider Nest.
 20182 | Lair:5   | Received a gift from Okawaru
 20195 | Lair:5   | Got a jewelled shield {god gift}
 20202 | Lair:5   | Identified the +6 shield of Plasticity {MR+} (Okawaru gifted it to you on level 5 of the Lair of Beasts)
 20969 | Lair:5   | Found a staircase to the Swamp.
 21199 | Lair:6   | Found a frozen archway.
 21204 | IceCv    | Entered an ice cave
 21836 | IceCv    | Reached XP level 14. HP: 108/117 MP: 23/23
 22001 | IceCv    | Reached skill level 10 in Long Blades
 22256 | IceCv    | Noticed a frost giant
 22287 | IceCv    | Killed a frost giant
 22322 | IceCv    | Received a gift from Okawaru
 22524 | IceCv    | Identified a scroll of acquirement
 23226 | Lair:6   | Reached skill level 14 in Shields
 24184 | Lair:7   | Reached skill level 15 in Shields
 24575 | Lair:8   | Entered Level 8 of the Lair of Beasts
 24962 | Lair:8   | Found a staircase to the Slime Pits.
 25723 | Lair:8   | Got a transparent whip
 25724 | Lair:8   | Identified the +1,+5 whip of Mastery {speed, +Rage +Fly rElec MR++} (You found it on level 8 of the Lair of Beasts)
 26792 | D:13     | Noticed Gastronok
 26797 | D:13     | Killed Gastronok
 26797 | D:13     | Reached XP level 15. HP: 124/124 MP: 24/24
 26857 | D:13     | Received a gift from Okawaru
 26876 | D:13     | Found Esofer's Magical Wand Shoppe.
 26897 | D:13     | Noticed Nergalle
 26910 | D:13     | Killed Nergalle
 27168 | D:13     | Found Sulihel's Magical Wand Shoppe.
 27376 | D:14     | Entered Level 14 of the Dungeon
 27558 | D:14     | Reached skill level 16 in Shields
 27587 | D:14     | Gained mutation: You are weak (Str -1). [mutagenic meat]
 27644 | D:14     | Noticed Aizul
 27681 | D:14     | Killed Aizul
 29070 | D:15     | Entered Level 15 of the Dungeon
 29414 | D:15     | Reached skill level 17 in Shields
 29429 | D:15     | Gained mutation: Your spells are a little harder to cast, but a little more powerful. [mutagenic meat]
 29430 | D:15     | Gained mutation: Your muscles are very strong, but stiff (Str +2, Dex -2). [mutagenic meat]
 29431 | D:15     | Gained mutation: You are good at translocating small distances at will. [mutagenic meat]
 30037 | Orc:1    | Entered Level 1 of the Orcish Mines
 30230 | Orc:1    | Noticed Eustachio
 30245 | Orc:1    | Killed Eustachio
 30626 | Orc:2    | Received a gift from Okawaru
 30708 | Orc:2    | Got a pair of fine gloves {god gift}
 30709 | Orc:2    | Identified the +0 pair of gloves of Courage {rN+} (Okawaru gifted it to you on level 2 of the Orcish Mines)
 30777 | Orc:2    | Found a shimmering altar of Xom.
 31536 | Orc:1    | Found Laewaec's General Store.
 32110 | Orc:4    | Entered Level 4 of the Orcish Mines
 32194 | Orc:4    | Found Pryubbouk's Antique Armour Shoppe.
 32204 | Orc:4    | Reached skill level 18 in Shields
 32316 | Orc:4    | Found Extaot's Antique Weapon Emporium.
 32376 | Orc:4    | Found Gufihaif's Book Shop.
 32497 | Orc:4    | Found Mnimuok's Book Emporium.
 32538 | Orc:4    | Found Celot's General Store.
 32765 | Orc:4    | Found a staircase to the Elven Halls.
 33323 | Swamp:1  | Entered Level 1 of the Swamp
 33368 | Swamp:1  | Learned a level 2 spell: Repel Missiles
 33613 | Swamp:1  | Noticed Agnes
 33634 | Swamp:1  | Killed Agnes
 33669 | Swamp:1  | Reached skill level 19 in Shields
 33731 | Swamp:1  | Noticed Maud
 33754 | Swamp:1  | Killed Maud
 33995 | Swamp:1  | Received a gift from Okawaru
 34041 | Swamp:1  | Got a crude quarterstaff {god gift}
 34042 | Swamp:1  | Identified the +2,-4 quarterstaff of Gisseor {crush, +Rage MR++ Int+2} (Okawaru gifted it to you on level 1 of the Swamp)
 34095 | Swamp:1  | Reached XP level 16. HP: 93/139 MP: 25/25
 34510 | Swamp:2  | Reached skill level 20 in Shields
 34923 | Swamp:2  | Noticed Roxanne
 34930 | Swamp:2  | Killed Roxanne
 34941 | Swamp:2  | Identified Roxanne's Grimoire of Earthen Moulding (You took it off Roxanne on level 2 of the Swamp)
 34944 | Swamp:2  | Learned a level 1 spell: Beastly Appendage
 34947 | Swamp:2  | Learned a level 2 spell: Stoneskin
 35174 | D:10     | Learned a level 2 spell: Cure Poison
 35602 | Swamp:3  | Learned a level 1 spell: Apportation
 36068 | Swamp:3  | Received a gift from Okawaru
 37218 | Spider:1 | Entered Level 1 of the Spider Nest
 38068 | Elf:1    | Entered Level 1 of the Elven Halls
 38072 | Elf:1    | Reached skill level 21 in Shields
 38103 | Elf:1    | Reached skill level 15 in Fighting
 38475 | Elf:1    | Lost mutation: Your spells are a little harder to cast, but a little more powerful. [potion of mutation]
 39057 | Elf:1    | Received a gift from Okawaru
 39093 | Elf:1    | Got a blackened large shield {god gift}
 39094 | Elf:1    | Identified the +3 large shield "Qookkick" {rElec MR++ Str+4 Int+3} (Okawaru gifted it to you on level 1 of the Elven Halls)
 39574 | Elf:2    | Noticed Frances
 39606 | Elf:2    | Killed Frances
 39764 | Elf:2    | Noticed Snorg
 39771 | Elf:2    | Killed Snorg
 39966 | Elf:2    | Noticed a deep elf master archer
 39981 | Elf:2    | Killed a deep elf master archer
 39989 | Elf:2    | Noticed Saint Roka
 40029 | Elf:2    | Killed Saint Roka
 40319 | Elf:2    | Reached XP level 17. HP: 136/154 MP: 25/25
 40952 | D:16     | Upgraded the game from 0.13-a0-2496-g11650dd to 0.13-a0-2505-g5f0fbe2
 41431 | D:16     | Lost mutation: You are weak (Str -1). [mutagenic meat]
 41602 | D:16     | Gained mutation: You can spit moderately strong poison. [potion of beneficial mutation]
 42054 | D:17     | Found an ancient bone altar of Kikubaaqudgha.
 42115 | D:17     | Found a basalt altar of Yredelemnul.
 42186 | D:17     | Found a staircase to the Vaults.
 42201 | D:17     | Psiweapon: hey there
 42201 | D:17     | Gabry: hi :)
 42201 | D:17     | Psiweapon: sorry, checking the walkthrough at chaosforge to double-check if I should go into the vaults now
 42201 | D:17     | Gabry: can you point me the URL? I'm dying horribly every time...
 42201 | D:17     | Psiweapon: http://crawl.chaosforge.org/Walkthrough
 42201 | D:17     | Gabry: thx
 42201 | D:17     | Psiweapon: VERY helpful
 42201 | D:17     | Psiweapon: okay no, I should clear either swamp or spider 1-4... swamp I have already, so it's spider, but last time it went south fast, so I'll go a bit deeper into the dungeon
 42201 | D:17     | Psiweapon: let's try the next level
 42271 | D:18     | Psiweapon: this character combo is the closest I've been to beating the game, died on lvl 1 while carrying the orb XD
 42279 | D:18     | Reached skill level 22 in Shields
 42368 | D:18     | Gabry: I'm reading the walkthrough that you posted :)
 42386 | D:18     | Received a gift from Okawaru
 42393 | D:18     | Gabry: I like playing melee, I've done a few tries with different races as fighter
 42393 | D:18     | Psiweapon: I only started to play acceptably (very recently) when I began to follow it to a T
 42393 | D:18     | Psiweapon: it really doesn't get any easier than minotaur fighter of okawaru
 42393 | D:18     | Psiweapon: you're a tank with a retaliatory attack, Okawaru gifts you weapons and armor, and evocations can give you enough magic
 42435 | D:18     | Found Cisatin's Magic Scroll Emporium.
 42445 | D:18     | Bought a scroll of identify for 38 gold pieces
 42445 | D:18     | Bought a scroll of immolation for 19 gold pieces
 42445 | D:18     | Bought a scroll of identify for 38 gold pieces
 42446 | D:18     | Bought a scroll of vulnerability for 142 gold pieces
 42751 | D:18     | Psiweapon: whew.... titanic sliem crreature :_D
 43764 | Spider:1 | Learned a level 2 spell: Ensorcelled Hibernation
 44213 | Spider:1 | Noticed Nikola
 44234 | Spider:1 | Killed Nikola
 45058 | Spider:2 | Received a gift from Okawaru
 45063 | Spider:2 | Got a pitted scimitar {god gift}
 45067 | Spider:2 | Identified the +3,-3 scimitar "Thon" {vamp, rF++} (Okawaru gifted it to you on level 2 of the Spider Nest)
 46714 | Spider:4 | Got a bloodstained cloak
 46715 | Spider:4 | Identified the +2 cloak "Temp" {+Blink rPois rC+ Dam-1} (You found it on level 4 of the Spider Nest)
 47145 | Spider:5 | Entered Level 5 of the Spider Nest
 47321 | Spider:4 | Received a gift from Okawaru
 47852 | Spider:4 | Reached skill level 5 in Axes
 48111 | Spider:5 | Noticed Mara
 48115 | Spider:5 | Noticed Mara
 48116 | Spider:5 | Noticed Mara
 48133 | Spider:5 | Noticed Psiweapon's illusion
 48153 | Spider:5 | Noticed Mara
 48160 | Spider:5 | Killed Mara
 48327 | Spider:5 | Noticed Mara
 48327 | Spider:5 | Noticed Mara
 48348 | Spider:5 | Noticed Psiweapon's illusion
 48348 | Spider:5 | Killed Mara
 48348 | Spider:5 | Reached skill level 10 in Axes
 48374 | Spider:4 | Reached XP level 18. HP: 62/167 MP: 27/27
 48603 | Spider:5 | Learned a level 1 spell: Corona
 49228 | Spider:5 | Reached skill level 10 in Polearms
 49454 | Spider:5 | Got a gossamer rune of Zot
 49603 | Spider:5 | Gained mutation: You heal slowly. [mutagenic meat]
 49605 | Spider:5 | Lost mutation: Your muscles are very strong, but stiff (Str +2, Dex -2). [mutagenic meat]
 49606 | Spider:5 | Gained mutation: You are partially covered in molten scales (AC +1). [mutagenic meat]
 50165 | Swamp:5  | Entered Level 5 of the Swamp
 50171 | Swamp:5  | Received a gift from Okawaru
 51286 | Swamp:5  | Noticed the 27-headed Lernaean hydra
 51305 | Swamp:5  | Killed the 26-headed Lernaean hydra
 51386 | Swamp:5  | Received a gift from Okawaru
 51602 | Swamp:5  | Got a decaying rune of Zot
 52364 | D:19     | Lost mutation: You heal slowly. [mutagenic meat]
 52365 | D:19     | Gained mutation: You passively map a small area around you. [mutagenic meat]
 52399 | D:19     | Noticed Jorgrun
 52420 | D:19     | Killed Jorgrun
 52497 | D:20     | Entered Level 20 of the Dungeon
 52533 | D:19     | Found a staircase to the Vaults.
 53217 | D:19     | Found a roughly hewn altar of Beogh.
 53289 | D:20     | Received a gift from Okawaru
 53350 | D:20     | Noticed Frederick
 53366 | D:20     | Killed Frederick
 53449 | D:20     | Noticed Xtahua
 53464 | D:20     | Killed Xtahua
 53464 | D:20     | Reached XP level 19. HP: 148/177 MP: 27/27
 53678 | D:20     | Noticed Boris
 53695 | D:20     | Killed Boris
 53929 | D:20     | Gained mutation: Space occasionally distorts in your vicinity. [mutagenic meat]
 53930 | D:20     | Gained mutation: You evolve. [mutagenic meat]
 54156 | D:20     | Noticed Jory
 54180 | D:20     | Killed Jory
 54661 | D:21     | Found Hifix's Antique Armour Boutique.
 54852 | D:21     | Reached skill level 15 in Axes
 54863 | D:21     | Found Doik's Book Boutique.
 54936 | D:21     | Found Zogeacw's Antique Weapon Boutique.
 54970 | D:21     | Bought a bloodstained spear for 123 gold pieces
 54974 | D:21     | Identified the +6,+5 spear "Niedig" {freeze, MR++ Dex+3 Stlth+} (You bought it in a shop on level 21 of the Dungeon)
 55720 | D:21     | Found Yghaurr's Antique Armour Boutique.
 56040 | D:21     | Lost mutation: Space occasionally distorts in your vicinity. [evolution]
 56045 | D:21     | Found a gateway to Hell.
 57067 | Elf:3    | Entered Level 3 of the Elven Halls
 57067 | Elf:3    | Noticed Wiglaf
 57108 | Elf:3    | Killed Wiglaf
 58080 | Elf:3    | Received a gift from Okawaru
 58267 | Elf:3    | Reached skill level 15 in Maces & Flails
 59260 | Elf:3    | Reached XP level 20. HP: 190/190 MP: 27/28
 59737 | Elf:3    | Learned a level 1 spell: Magic Dart
 59740 | Elf:3    | Learned a level 2 spell: Blink
 59751 | Elf:3    | Identified a -1 rod of warding (13/13) (You found it on level 3 of the Elven Halls)
 59884 | Elf:3    | Identified the Handbook of Poisonous Enhancements (You found it on level 3 of the Elven Halls)
 59971 | Elf:3    | Got an encrusted chain mail
 59972 | Elf:3    | Identified the cursed +9 chain mail of Hedonism {Dex-4 Int+1} (You found it on level 3 of the Elven Halls)
 59977 | Elf:3    | Reached skill level 23 in Shields
 59977 | Elf:3    | Reached XP level 21. HP: 199/199 MP: 28/30
 59979 | Elf:3    | Reached skill level 15 in Armour
 59979 | Elf:3    | Reached XP level 22. HP: 207/207 MP: 28/31
 59984 | Elf:3    | Identified a +7 rod of striking (6/6) (You found it on level 3 of the Elven Halls)
 60544 | D:21     | Bought a glowing dwarven plate armour for 800 gold pieces
 60653 | Vaults:1 | Entered Level 1 of the Vaults
 60970 | Vaults:1 | Received a gift from Okawaru
 61541 | Vaults:1 | Lost mutation: You can spit moderately strong poison. [mutagenic meat]
 61543 | Vaults:1 | Gained mutation: You are dopey (Int -1). [mutagenic meat]
 61548 | Vaults:1 | Gained mutation: You have a pair of large horns on your head. [mutagenic meat]
 61569 | Vaults:1 | Found Uwo Frir's Jewellery Shoppe.
 61616 | Vaults:1 | Bought an uncursed amulet of resist mutation for 640 gold pieces
 61729 | Vaults:1 | Reached skill level 5 in Throwing
 61885 | Vaults:1 | Lost mutation: You evolve. [mutagenic meat]
 62398 | Vaults:2 | Lost mutation: Your muscles are strong, but stiff (Str +1, Dex -1). [mutagenic meat]
 62400 | Vaults:2 | Lost mutation: Your digestive system is specialised to digest meat. [mutagenic meat]
 62435 | Vaults:2 | Lost mutation: You passively map a small area around you. [potion of mutation]
 62489 | Vaults:2 | Identified a +2 rod of frigid destruction (11/11) (You acquired it on level 2 of the Vaults)
 63355 | Vaults:2 | Found a portal to a secret trove of treasure.
 63847 | Vaults:3 | Received a gift from Okawaru
 63873 | Vaults:3 | Got a twisted large shield {god gift}
 63874 | Vaults:3 | Identified the +2 large shield "Jaimnorch" {rF+ Acc+5} (Okawaru gifted it to you on level 3 of the Vaults)
 64004 | Vaults:3 | Found a staircase to the Hall of Blades.
 64997 | Vaults:3 | Found a staircase to the Crypt.
 65634 | Vaults:4 | Reached XP level 23. HP: 192/216 MP: 31/31
 66031 | Vaults:4 | Reached skill level 10 in Throwing
 66473 | Vaults:4 | Got a sparkling marble ring
 66510 | Vaults:4 | Received a gift from Okawaru
 66559 | Vaults:4 | Received a gift from Okawaru
 66776 | Vaults:4 | Got a cursed +4,+7 faintly glowing hand axe {pain}
 66807 | Vaults:4 | Identified the ring "Vatoetuc" {rPois Stlth--} (You found it on level 4 of the Vaults)
 67157 | Vaults:4 | Gained mutation: Your muscles are strong, but stiff (Str +1, Dex -1). [mutagenic meat]
 67480 | Vaults:4 | Received a gift from Okawaru
 67500 | Vaults:4 | Identified a +1 pair of boots of running (Okawaru gifted it to you on level 4 of the Vaults)
 68163 | Crypt:1  | Entered Level 1 of the Crypt
 68184 | Crypt:1  | Noticed Mennas
 68289 | Crypt:1  | Killed Mennas
 70088 | Crypt:2  | Noticed Khufu
 70140 | Crypt:2  | Killed Khufu
 70484 | Crypt:2  | Reached XP level 24. HP: 207/221 MP: 32/32
 70961 | Crypt:2  | Received a gift from Okawaru
 71237 | Crypt:2  | Upgraded the game from 0.13-a0-2505-g5f0fbe2 to 0.13-a0-2519-g3c5fe84
 71340 | Crypt:3  | Found a magical portal.
 71363 | WizLab   | Entered a wizard's laboratory
 71498 | WizLab   | Received a gift from Okawaru
 72018 | WizLab   | Identified Iskenderun's Disquisition on Floating Conjuration (You found it in a wizard's laboratory)
 72028 | WizLab   | Identified Iskenderun's Reference Book on Attacks (You found it in a wizard's laboratory)
 72052 | WizLab   | Identified the Reference Book on Changing and the Compass (You found it in a wizard's laboratory)
 72442 | Crypt:3  | Received a gift from Okawaru
 72831 | Crypt:3  | Received a gift from Okawaru
 72844 | Crypt:3  | Got a fine plate armour {god gift}
 72855 | Crypt:3  | Noticed Donald
 72868 | Crypt:3  | Killed Donald
 72923 | Crypt:2  | Identified the -2 plate armour "Frobiof" {Dex+4} (Okawaru gifted it to you on level 3 of the Crypt)
 74401 | D:22     | Noticed Margery
 74439 | D:22     | Reached skill level 24 in Armour
 74472 | D:22     | Killed Margery
 75036 | D:23     | Found a one-way gate leading to the halls of Pandemonium.
 75477 | D:23     | Got a shimmering lead ring
 75500 | D:23     | Identified the ring "Ghoa" {+Blink +Fly rElec rF+ MP+9 Int+1} (You found it on level 23 of the Dungeon)
 76333 | D:25     | Entered Level 25 of the Dungeon
 76650 | D:24     | Reached skill level 25 in Armour
 76955 | D:25     | Received a gift from Okawaru
 77440 | D:25     | Found a one-way gate to the infinite horrors of the Abyss.
 77462 | D:25     | Reached XP level 25. HP: 196/230 MP: 32/32
 77792 | D:25     | Received a gift from Okawaru
 77924 | D:25     | Received a gift from Okawaru
 78211 | D:25     | Reached skill level 1 in Stealth
 78425 | D:25     | Reached skill level 15 in Polearms
 78934 | D:25     | Voluntarily entered the Abyss.
 79059 | Abyss:1  | Gained mutation: You are dopey (Int -2). [a neqoxec]
 79112 | Abyss:3  | Found a corrupted altar of Lugonu.
 79368 | Abyss:3  | Paralysed by accursed screaming for 1 turns
 79471 | Abyss:3  | Found a corrupted altar of Lugonu.
 79496 | Abyss:3  | Found a corrupted altar of Lugonu.
 79508 | Abyss:3  | Got an abyssal rune of Zot
 79592 | Abyss:3  | Paralysed by accursed screaming for 1 turns
 79598 | Abyss:3  | Paralysed by accursed screaming for 1 turns
 79926 | Abyss:3  | Reached skill level 15 in Evocations
 79931 | Abyss:3  | Received a gift from Okawaru
 80105 | D:25     | Escaped the Abyss
 80377 | Trove    | Entered a treasure trove
 80382 | Trove    | Got a steaming crystal amulet
 80386 | Trove    | Got a wavering marble ring
 80392 | Trove    | Got a smoking silver ring
 80621 | Vaults:2 | Received a gift from Okawaru
 80802 | Vaults:4 | Identified the amulet of Vehumet's Condemnation {Cons rPois Dex+3 Int+2} (You found it in a treasure trove)
 81086 | Crypt:3  | Identified the ring "Yntoala" {rF+ rN+} (You found it in a treasure trove)
 81535 | D:25     | Identified the ring of Chyrghoel {AC+3 Str+2 Dex+4} (You found it in a treasure trove)
 81764 | D:27     | Entered Level 27 of the Dungeon
 82386 | D:26     | Reached XP level 26. HP: 153/239 MP: 36/36
 82828 | D:26     | Received a gift from Okawaru
 82831 | D:26     | Got a +3,+4 jewelled hand axe {god gift, chop}
 83138 | D:27     | Found a shimmering altar of Xom.
 83783 | D:27     | Learned a level 1 spell: Summon Butterflies
 84254 | D:27     | Found a blossoming altar of Fedhas.
 84274 | D:27     | Found a basalt altar of Yredelemnul.
 84461 | D:27     | Received a gift from Okawaru
 84754 | D:27     | Found a radiant altar of Vehumet.
 86201 | Crypt:5  | Entered Level 5 of the Crypt
 87818 | Crypt:5  | Received a gift from Okawaru
 88076 | Crypt:5  | Received a gift from Okawaru
 88165 | Crypt:5  | Reached XP level 27. HP: 158/247 MP: 38/38
 88178 | Crypt:5  | Upgraded the game from 0.13-a0-2519-g3c5fe84 to 0.13-a0-2527-g93fcdc4
 89381 | Blade    | Entered the Hall of Blades
 89418 | Blade    | Reached skill level 1 in Summonings
 90132 | Crypt:5  | Found a basalt altar of Yredelemnul.
 90674 | Crypt:5  | Reached skill level 5 in Summonings
 91083 | Vaults:5 | Entered Level 5 of the Vaults
 91324 | Vaults:5 | Received a gift from Okawaru
 91467 | Vaults:5 | Received a gift from Okawaru
 91709 | Vaults:5 | Gained mutation: You are partially covered in slimy green scales (AC +2). [potion of beneficial mutation]
 92188 | Vaults:5 | Got a transparent marble ring
 92236 | Vaults:5 | Received a gift from Okawaru
 92280 | Vaults:5 | Got a silver rune of Zot
 92433 | Vaults:5 | Reached skill level 10 in Summonings
 93047 | Vaults:5 | Noticed an ancient lich
 93093 | Vaults:5 | Killed an ancient lich
 93573 | Vaults:5 | Noticed an ancient lich
 93586 | Vaults:5 | Killed an ancient lich
 93586 | Vaults:5 | Received a gift from Okawaru
 93646 | Vaults:5 | Received a gift from Okawaru
 94094 | Vaults:5 | Learned a level 4 spell: Summon Elemental
 94976 | Hell     | Entered the Vestibule of Hell
 94976 | Hell     | Noticed Geryon
 95003 | Hell     | Killed Geryon
 95017 | Hell     | Received a gift from Okawaru
 95078 | Hell     | Reached skill level 10 in Spellcasting
 95280 | Hell     | Received a gift from Okawaru
 95287 | Hell     | Got a pair of bloodstained boots {god gift}
 95291 | Hell     | Identified the +0 pair of boots of the Eternal Fruit {Int-2} (Okawaru gifted it to you in the Vestibule of Hell)
 95325 | Hell     | Noticed Murray
 95360 | Hell     | Killed Murray
 96054 | Geh:1    | Entered Level 1 of Gehenna
 96781 | Zot:1    | Entered Level 1 of the Realm of Zot
 98465 | Zot:2    | Received a gift from Okawaru
 98608 | Zot:2    | Paralysed by a Zot trap for 2 turns
 99040 | Zot:2    | Identified Jiza Wuoh's Collected Works on Clay and Transmutation (You found it on level 2 of the Realm of Zot)
100168 | Zot:3    | Received a gift from Okawaru
100221 | Zot:3    | Identified the ring of Taimuh {Wiz Int+2 Acc+3} (You found it on level 5 of the Vaults)
100763 | Zot:5    | Entered Level 5 of the Realm of Zot
100807 | Zot:4    | Received a gift from Okawaru
100817 | Zot:4    | Got a shimmering long sword {god gift}
100818 | Zot:4    | Identified the +5,-2 long sword "Ygyqull" {pain, Hunger rC+} (Okawaru gifted it to you on level 4 of the Realm of Zot)
101068 | Zot:4    | Noticed an orb of fire
101071 | Zot:4    | Gained mutation: Your body is slowly deteriorating. [an orb of fire]
101091 | Zot:4    | Killed an orb of fire
101334 | Zot:5    | Gained mutation: Your flesh is very cold resistant. [potion of beneficial mutation]
102058 | Zot:5    | Noticed an ancient lich
102069 | Zot:5    | Killed an ancient lich
102158 | Zot:5    | Received a gift from Okawaru
102164 | Zot:5    | Got a faintly glowing cloak {god gift}
102165 | Zot:5    | Identified the +3 cloak of the Guardian {Dam+4} (Okawaru gifted it to you on level 5 of the Realm of Zot)
102187 | Zot:5    | Noticed an ancient lich
102247 | Zot:5    | Killed an ancient lich
102513 | Zot:5    | Noticed an ancient lich
102534 | Zot:5    | Killed an ancient lich
102553 | Zot:5    | Reached skill level 26 in Shields
102602 | Zot:5    | Noticed an orb of fire
102605 | Zot:5    | Noticed an orb of fire
102606 | Zot:5    | Noticed an orb of fire
102610 | Zot:5    | Noticed an orb of fire
102612 | Zot:5    | Noticed an orb of fire
102626 | Zot:5    | Noticed an orb of fire
102909 | Zot:3    | Lost mutation: You are partially covered in iridescent scales (AC +4). [potion of cure mutation]
102909 | Zot:3    | Lost mutation: You can spit poison. [potion of cure mutation]
102909 | Zot:3    | Lost mutation: You are partially covered in molten scales (AC +1). [potion of cure mutation]
102909 | Zot:3    | Lost mutation: Your muscles are strong, but stiff (Str +1, Dex -1). [potion of cure mutation]
103600 | Swamp:2  | Lost mutation: Your body is slowly deteriorating. [potion of cure mutation]
103600 | Swamp:2  | Lost mutation: You are dopey (Int -2). [potion of cure mutation]
103600 | Swamp:2  | Lost mutation: You are dopey (Int -1). [potion of cure mutation]
104339 | Crypt:3  | Found a staircase to the Tomb.
104396 | Tomb:1   | Entered Level 1 of the Tomb of the Ancients
104499 | Tomb:1   | hurdos: Hi
104668 | Tomb:1   | Psiweapon: hi there
104668 | Tomb:1   | Psiweapon: chickened out of ZOT:5 because of five or six orbs of fire
104668 | Tomb:1   | hurdos: Tomb is very dangerously
104668 | Tomb:1   | Psiweapon: I know
104668 | Tomb:1   | hurdos: Do you have rTorment?
104668 | Tomb:1   | Psiweapon: but I don't feel like hell or pandemonium, and I don't know what to do against groups of orbs of fire
104668 | Tomb:1   | Psiweapon: nope, I only have life protection 2 :P
104668 | Tomb:1   | hurdos: Then you die in Tomb :)
104668 | Tomb:1   | Psiweapon: probably XD
104668 | Tomb:1   | Psiweapon: well, just a game.
104704 | Tomb:1   | hurdos: maybe change a god
104704 | Tomb:1   | Psiweapon: yeah, thought about it, okawaru isn't giving me a lot of benefits now
104704 | Tomb:1   | hurdos: TSO is a good choise
104704 | Tomb:1   | Psiweapon: I haven't even ascended yet, the one time I was closest, a hell sentinel hellfired me to death on Dungeon:1 while carrying the orb
105095 | Tomb:1   | Psiweapon: WTF why am I suddenly INSIDE?
105095 | Tomb:1   | Psiweapon: lol
105102 | Tomb:1   | Psiweapon: hahaha everybody wants to watch me die
105102 | Tomb:1   | hurdos: :)
105115 | Tomb:1   | hurdos: maybe you win
105158 | Tomb:1   | Turgon: Did you consider to switch to the Shining One before doing tomb? He's nice here.
105169 | Tomb:1   | Psiweapon: I'm not "doing" tomb, I'm just taking a peek, and I'm already getting the FUCK out of here lol
105169 | Tomb:1   | Turgon: :-)
105252 | Crypt:3  | Psiweapon: goodbye tomb.
105400 | Crypt:3  | Psiweapon: any suggestions? ZOT:5 is crawling with orbs of fire
105400 | Crypt:3  | Turgon: What's your idea now? Getting the orb and win or looking for more runes?
105400 | Crypt:3  | Psiweapon: I'd like to grab the orb but for that I'd have to clear zot:5 and I don't know what the fuck to do with the orbs of fire
105400 | Crypt:3  | Turgon: Well,
105400 | Crypt:3  | Turgon: you have to kill oof if you want to win the game!
105400 | Crypt:3  | Turgon: +1,+2 eveningstar is a little bit weak of course
105400 | Crypt:3  | Psiweapon: yeah I know. One by one it's okay, but they're hanging out in groups of 2-3
105400 | Crypt:3  | Turgon: Do you have some enchant weapon scrolls left?
105400 | Crypt:3  | Psiweapon: it's the best holy weapon I found, take into account that I'm going one-handed (shield)
105400 | Crypt:3  | Turgon: Or another weapon?
105400 | Crypt:3  | hurdos: +2+7 not bad
105400 | Crypt:3  | Turgon: It's not necessary to fight with holy wrath in Zot:5
105400 | Crypt:3  | Psiweapon: but it's a flail
105400 | Crypt:3  | Psiweapon: no, for orbs of fire I use this
105401 | Crypt:3  | Turgon: May I have a look at your skills please?
105401 | Crypt:3  | Psiweapon: for draconians too
105401 | Crypt:3  | hurdos: I think you can pass Pan
105401 | Crypt:3  | Psiweapon: sure
105401 | Crypt:3  | Psiweapon: I'm drained right now as you can see.
105401 | Crypt:3  | Turgon: thanks
105401 | Crypt:3  | Psiweapon: oh boy I still have spellcasting turned on XDDD
105401 | Crypt:3  | Turgon: Usually it's the best idea to push only one weapon skill (and very high)
105401 | Crypt:3  | Turgon: Axes 27 e.g.
105401 | Crypt:3  | Psiweapon: well I'm not a very experienced player :P
105401 | Crypt:3  | Turgon: No problem
105401 | Crypt:3  | Psiweapon: but I guess I could grind several of them to 27 in abyss or pan
105401 | Crypt:3  | Turgon: Experience grows with playing :-)
105401 | Crypt:3  | Psiweapon: never been in pan before tho
105401 | Crypt:3  | Turgon: How many runes? Three?
105401 | Crypt:3  | Turgon: 4, ok
105401 | Crypt:3  | Psiweapon: four
105401 | Crypt:3  | Psiweapon: I could go Jiyva and accumulate mutations again. I had +7 AC or so in mutations but had to get rid of deteriorating body...
105401 | Crypt:3  | Turgon: What are your mutations?
105401 | Crypt:3  | Psiweapon: right now they're crappy
105401 | Crypt:3  | Turgon: oh, nice
105401 | Crypt:3  | Psiweapon: I had RC++ and three scales mutations before
105401 | Crypt:3  | Psiweapon: and spit poison (not very useful, but still)
105401 | Crypt:3  | Turgon: For a 4-runer I'd stick with Oka
105401 | Crypt:3  | Turgon: Concerning Zot:5:
105401 | Crypt:3  | Turgon: Did you try to lure a single oof out and fight it one by one?
105401 | Crypt:3  | Turgon: With heroism and finesse?
105401 | Crypt:3  | Psiweapon: no, I just noped the fuck out of there because the first three I met were very close together
105401 | Crypt:3  | Turgon: It's best to fight only one (as you might know already)
105401 | Crypt:3  | Turgon: Fighting two is already dangerous
105401 | Crypt:3  | Psiweapon: I have an amulet of resist mutation and rF+++ but it's of little help
105404 | Crypt:3  | Turgon: Oh, it's useful both
105406 | Crypt:3  | Psiweapon: yes, they are, but still they maim me XD
105406 | Crypt:3  | Turgon: If you think about fighting with your broad axe I'd put all XP into axes now
105406 | Crypt:3  | hurdos: it is not dangerous to fight vs oof with Axes and rF+++ and Fast + Abilitues of Oka
105406 | Crypt:3  | Psiweapon: I'd do if I had a better axe, last run I had a +8/+8 broad axe of chopping - nearly perfect mainstay weapon
105406 | Crypt:3  | Turgon: And enchant the axe if possible. Or do you even have a two-handed axe?
105406 | Crypt:3  | Psiweapon: and got hellfired to death on dungeon:1 while carrying the orb
105406 | Crypt:3  | Psiweapon: two handed weapons = no shield
105406 | Crypt:3  | Psiweapon: no shield = no blocking, no MR++...
105406 | Crypt:3  | Turgon: No shield = better killing :-)
105406 | Crypt:3  | Turgon: Generally it's said that shields are not too useful
105406 | Crypt:3  | Turgon: Best strategy to survive is killing things quickly
105406 | Crypt:3  | Psiweapon: I already have nearly 27 shield skill
105406 | Crypt:3  | Psiweapon: it'd be a pity :\
105406 | Crypt:3  | Turgon: If you have an exec axe it's worth switching
105406 | Crypt:3  | hurdos: :) or better to die
105406 | Crypt:3  | Turgon: Well, nice shield of course
105406 | Crypt:3  | Psiweapon: I stuck to it mostly because of the MR++, but the str and rElec are nice pluses
105406 | Crypt:3  | Turgon: Indeed - but again: if you kill foes quickly they won't harm you
105406 | Crypt:3  | hurdos: I am not drop shield on your side
105406 | Crypt:3  | Turgon: Best axe is an executioner's axe
105406 | Crypt:3  | hurdos: it is true
105406 | Crypt:3  | Psiweapon: So far I have only got this far in the game with minotaurs like this: lots of AC, lots of SH, hang onto all the resistance jewelry I can find
105406 | Crypt:3  | Turgon: Resistances are overestimated very often
105406 | Crypt:3  | Psiweapon: berserkers, DDNes, and other things only get me around to level 16 or 18
105406 | Crypt:3  | Turgon: And it's not resists or items that win the game but strategy
105406 | Crypt:3  | Turgon: Experienced players will get the orb with rF+ while beginners sometimes die with rF+++
105406 | Crypt:3  | Psiweapon: yeah, but to be able to make up a strategy, you have to know what you're facing, and to get to know what you're against, you better survive the first time around having a lot of protection
105406 | Crypt:3  | Turgon: However, if you consider to use your broad axe: enchant it if possible and buff axes skill
105406 | Crypt:3  | Psiweapon: it's only the second time I've reached zot, bear with me, please XD
105406 | Crypt:3  | Psiweapon: yeah
105406 | Crypt:3  | Turgon: Asking again: do you have an exec axe?
105406 | Crypt:3  | Psiweapon: sorry guys but I have to go idle now... I'll be here again in a while, probably grinding abyss
105406 | Crypt:3  | Psiweapon: nope, I haven't even looked twice at 2-handers
105406 | Crypt:3  | Turgon: ok
105406 | Crypt:3  | Turgon: good luck then
105406 | Crypt:3  | Psiweapon: any tips for pan?
105406 | Crypt:3  | Turgon: Go with exec axe (sorry!)
105406 | Crypt:3  | Turgon: Bless is with TSO
105406 | Crypt:3  | Turgon: Bless it*
105819 | D:25     | Voluntarily entered the Abyss.
106643 | Abyss:1  | Received a gift from Okawaru
106654 | Abyss:1  | Noticed an ancient lich
106672 | Abyss:1  | Killed an ancient lich
106850 | Abyss:1  | Paralysed by accursed screaming for 1 turns
106868 | Abyss:1  | Paralysed by accursed screaming for 1 turns
107046 | Abyss:1  | Identified Olgreb's Almanac of Damaging Venom (You found it on level 1 of the Abyss)
107265 | Abyss:1  | Paralysed by a giant eyeball for 3 turns
107700 | Abyss:1  | Found an iron altar of Okawaru.
108119 | Abyss:1  | Found a corrupted altar of Lugonu.
108346 | Abyss:1  | Gained mutation: You are clumsy (Dex -1). [a neqoxec]
108489 | Abyss:1  | Found a corrupted altar of Lugonu.
108679 | Abyss:1  | Upgraded the game from 0.13-a0-2527-g93fcdc4 to 0.13-a0-2531-g2ad9301
109207 | Abyss:1  | Got an ichor-stained bow
109463 | D:25     | Escaped the Abyss
109895 | Temple   | Fell from the grace of Okawaru
109895 | Temple   | Became a worshipper of the Shining One
110323 | D:25     | Voluntarily entered the Abyss.
110870 | Abyss:1  | Acquired the Shining One's first power
111054 | Abyss:1  | Acquired the Shining One's second power
111194 | Abyss:1  | Identified the cursed -3,-1 bow of Theory {venom, +Blink Int-5} (You found it on level 1 of the Abyss)
111365 | Abyss:1  | Gained mutation: Your muscles are strong, but stiff (Str +1, Dex -1). [a neqoxec]
111906 | Abyss:1  | Acquired the Shining One's third power
112149 | Abyss:1  | Found a burning altar of Makhleb.
112226 | Abyss:1  | Lost mutation: You are clumsy (Dex -1). [a neqoxec]
112265 | Abyss:1  | Gained mutation: You are agile (Dex +1). [potion of beneficial mutation]
112409 | Abyss:1  | Acquired the Shining One's fourth power
112932 | Abyss:1  | Found a corrupted altar of Lugonu.
113184 | Abyss:1  | Reached skill level 10 in Invocations
114404 | Abyss:2  | Paralysed by accursed screaming for 1 turns
114623 | Abyss:2  | Found a corrupted altar of Lugonu.
114654 | Abyss:2  | Gained mutation: Your vision is a little blurry. [a neqoxec]
115331 | Abyss:3  | Found a corrupted altar of Lugonu.
115341 | Abyss:3  | Paralysed by you for 4 turns
115618 | D:25     | Escaped the Abyss
115630 | D:25     | Voluntarily entered the Abyss.
115709 | Abyss:1  | Reached skill level 15 in Long Blades
116081 | Abyss:1  | Gained mutation: You tend to lose your temper in combat. [a neqoxec]
116084 | Abyss:1  | Found a shattered altar of Ashenzari.
116911 | D:25     | Escaped the Abyss
116918 | D:25     | Voluntarily entered the Abyss.
117561 | Abyss:2  | Found a blossoming altar of Fedhas.
117689 | Abyss:3  | Found a corrupted altar of Lugonu.
117778 | Abyss:3  | Found a corrupted altar of Lugonu.
118015 | D:25     | Escaped the Abyss
118484 | Coc:1    | Entered Level 1 of Cocytus
119135 | Coc:7    | Entered Level 7 of Cocytus
119695 | Coc:7    | Noticed 4tharraofdagon's ghost (mighty GrBe)
119921 | Coc:7    | Killed 4tharraofdagon's ghost
120261 | Coc:7    | Identified Lee's Guide on Confrontation and Ignition (You found it on level 7 of Cocytus)
120412 | Coc:7    | Noticed the Serpent of Hell
120424 | Coc:7    | Killed the Serpent of Hell
120470 | Coc:7    | Lost mutation: You have a pair of large horns on your head. [mutagenic glow]
120491 | Coc:7    | Gained mutation: You are dopey (Int -1). [mutagenic glow]
120729 | Coc:7    | Noticed Antaeus
120868 | Coc:7    | Upgraded the game from 0.13-a0-2531-g2ad9301 to 0.13-a0-2537-g1f6edf4
120868 | Coc:7    | Psiweapon: hi
120882 | Coc:7    | Killed Antaeus
121035 | Coc:7    | Got an icy rune of Zot
121040 | Coc:7    | Identified the Catalogue of Helpful Confrontation
121045 | Coc:7    | Learned a level 2 spell: Swiftness
121048 | Coc:7    | Learned a level 2 spell: Shroud of Golubria
121225 | Coc:7    | Gained mutation: You are frail (-10% HP). [a cacodemon]
121227 | Coc:7    | Gained mutation: You digest meat inefficiently. [a cacodemon]
123039 | Geh:7    | Entered Level 7 of Gehenna
123140 | Geh:7    | Paralysed by the effects of Hell for 3 turns
123487 | Geh:7    | Noticed Asmodeus
123517 | Geh:7    | Killed Asmodeus
123608 | Geh:7    | Identified Nergalle's Collected Works on Attacks
123636 | Geh:7    | Got an obsidian rune of Zot
123751 | Geh:7    | Paralysed by the effects of Hell for 3 turns
123846 | Dis:1    | Entered Level 1 of the Iron City of Dis
124231 | Dis:7    | Entered Level 7 of the Iron City of Dis
124486 | Dis:7    | HP: 4/219 [hellion/burst of hellfire (30)]
124909 | Dis:7    | Reached skill level 27 in Shields
124944 | Dis:7    | Reached skill level 27 in Long Blades
125245 | Dis:7    | Got a cursed -4,-4 twisted spear {flame}
126014 | Dis:7    | HP: 10/227 [Hell Sentinel/blast of hellfire (24)]
126015 | Dis:7    | Impaled on a Hell Sentinel's spines

Action                   |  1- 3 |  4- 6 |  7- 9 | 10-12 | 13-15 | 16-18 | 19-21 | 22-24 | 25-27 || total
-------------------------+-------+-------+-------+-------+-------+-------+-------+-------+-------++-------
Melee: Trident           |   118 |   204 |   439 |     2 |       |       |       |       |       ||   763
       Flail             |       |       |    80 |   775 |  2342 |   378 |   115 |   842 |   732 ||  5264
       Whip              |       |       |       |    24 |    43 |       |       |       |       ||    67
       Scimitar          |       |       |       |     4 |   159 |       |       |       |    94 ||   257
       Club              |       |       |       |     1 |       |       |       |       |       ||     1
       Long sword        |       |       |       |       |    16 |       |       |       |    60 ||    76
       Demon blade       |       |       |       |       |    65 |   306 |    17 |   502 |   460 ||  1350
       Rod               |       |       |       |       |     3 |     2 |     1 |    24 |    22 ||    52
       Morningstar       |       |       |       |       |       |   952 |   182 |    80 |    36 ||  1250
       Demon whip        |       |       |       |       |       |   272 |       |       |       ||   272
       Broad axe         |       |       |       |       |       |   140 |   180 |   868 |  3104 ||  4292
       Demon trident     |       |       |       |       |       |   470 |    11 |   461 |   389 ||  1331
       Spear             |       |       |       |       |       |       |   167 |       |       ||   167
       Double sword      |       |       |       |       |       |       |       |       |  2126 ||  2126
       Eveningstar       |       |       |       |       |       |       |       |       |  2075 ||  2075
       Unarmed           |       |       |       |       |       |       |       |       |    12 ||    12
Throw: Dart              |    28 |    54 |    22 |     2 |       |       |       |       |     2 ||   108
       Hand axe          |    10 |    11 |     7 |       |       |       |       |       |       ||    28
       Dagger            |     7 |     8 |     4 |     1 |       |       |       |       |       ||    20
       Spear             |       |       |     1 |       |       |       |       |   156 |   168 ||   325
       Javelin           |       |       |       |    25 |    26 |    11 |    60 |       |    20 ||   142
 Cast: Summon Elemental  |       |       |       |       |       |       |       |       |     1 ||     1
Invok: Heroism           |       |       |     9 |    15 |    17 |     7 |     2 |     2 |     8 ||    60
       Finesse           |       |       |       |       |     8 |     9 |     3 |     1 |     8 ||    29
       Cleansing Flame   |       |       |       |       |       |       |       |       |    19 ||    19
       Divine Shield     |       |       |       |       |       |       |       |       |     5 ||     5
       Summon Divine War |       |       |       |       |       |       |       |       |     4 ||     4
 Abil: Spit Poison       |       |       |       |       |    21 |    41 |    11 |     2 |     1 ||    76
       Evoke Flight      |       |       |       |       |     2 |       |       |       |     5 ||     7
       Evoke Teleportati |       |       |       |       |     1 |       |       |     1 |     4 ||     6
       Stop Flying       |       |       |       |       |     1 |       |       |       |       ||     1
       Blink             |       |       |       |       |       |     1 |       |       |       ||     1
       Evoke Blink       |       |       |       |       |       |     1 |     1 |     1 |     1 ||     4
       Evoke Teleport Co |       |       |       |       |       |       |       |     1 |     3 ||     4
Evoke: Wand              |       |       |     1 |     9 |    45 |    49 |     7 |    12 |    21 ||   144
       Rod               |       |       |       |     4 |    97 |   136 |    43 |   105 |   188 ||   573
       Miscellaneous     |       |       |       |       |       |       |     3 |     6 |     3 ||    12
       Deck              |       |       |       |       |       |       |     1 |     1 |     7 ||     9
  Use: Potion            |       |     1 |     2 |    13 |     6 |     8 |     2 |     6 |    32 ||    70
       Scroll            |       |       |    11 |    11 |    24 |    32 |    11 |    18 |    47 ||   154
 Stab: Distracted        |       |       |       |       |     1 |     1 |       |       |     4 ||     6
       Fleeing           |       |       |       |       |     1 |       |       |       |     6 ||     7
       Confused          |       |       |       |       |       |     1 |       |       |     2 ||     3
       Paralysed         |       |       |       |       |       |     3 |       |       |     1 ||     4
